 Dungeon Crawl Stone Soup version 0.23.2-40-g277498a001 (webtiles) character file.

Game seed: 2096672966994606899

939 Frank2 the Chopper (level 7, -1/57 HPs)
             Began as a Demigod Gladiator on Sept 21, 2019.
             Slain by Duvessa
             ... wielding a +2 short sword of flaming
              (4 damage)
             ... on level 5 of the Dungeon.
             The game lasted 00:06:25 (4057 turns).

Frank2 the Chopper (Demigod Gladiator)              Turns: 4057, Time: 00:06:25

Health: -1/57      AC:  8    Str: 17    XL:     7   Next: 57%
Magic:  9/9        EV: 13    Int: 12    God:
Gold:   330        SH:  0    Dex: 21    Spells: 6/6 levels left

rFire    . . .     SeeInvis .   a - +0 war axe
rCold    . . .     Gourm    .   (no shield)
rNeg     . . .     Faith    .   i - +0 ring mail
rPois    .         Spirit   .   c - +1 helmet
rElec    .         Reflect  .   (no cloak)
rCorr    .         Harm     .   (no gloves)
MR       .....                  (no boots)
Stlth    +.........             (no amulet)
HPRegen  0.19/turn              (no ring)
MPRegen  0.11/turn              (no ring)

@: no status effects
A: high mp 1
a: no special abilities


You were on level 5 of the Dungeon.
You were very hungry.

You visited 1 branch of the dungeon, and saw 6 of its levels.

You collected 330 gold pieces.

Inventory:

Hand Weapons
 a - a +0 war axe (weapon)
Armour
 c - a +1 helmet (worn)
 i - a +0 ring mail (worn)
Scrolls
 b - a scroll of teleportation
 j - a scroll of identify
 k - a scroll of magic mapping
Potions
 e - a potion of flight
 g - 2 potions of lignification
 h - a potion of curing
 l - a potion of mutation
 m - 3 potions of haste
 n - a potion of resistance
Comestibles
 f - 10 rations


   Skills:
 + Level 3.1 Fighting
 + Level 6.0 Axes
 - Level 1.7 Throwing
 * Level 4.5 Armour
 + Level 4.0 Dodging


You had 6 spell levels left.
You didn't know any spells.
Your spell library was empty.

Dungeon Overview and Level Annotations

Branches:
Dungeon (6/15)
 Temple: D:4-7

Annotations:
D:5 Duvessa


Innate Abilities, Weirdness & Mutations

You have an increased reservoir of magic. (+10% MP)


Message History

Duvessa hits you but does no damage.
Okay, then.
Throwing (i - inventory)
d - 2 throwing nets (quivered)
Press: ? - help, Shift-Dir - straight line, f/p - Duvessa
Aim: Duvessa, wielding a +2 short sword of flaming, wearing a +0 ring mail and carrying a wand of polymorph (6) (severely wounded, berserk, fast, unusually strong)
You throw a throwing net.
The throwing net closely misses Duvessa.
Duvessa closely misses you.
You feel better. Duvessa misses you. Duvessa hits you but does no damage.
Throwing (i - inventory)
d - a throwing net (quivered)
Press: ? - help, Shift-Dir - straight line, f/p - Duvessa
Aim: Duvessa, wielding a +2 short sword of flaming, wearing a +0 ring mail and carrying a wand of polymorph (6) (severely wounded, berserk, fast, unusually strong)
You throw a throwing net.
The throwing net closely misses Duvessa.
Duvessa hits you with a +2 short sword of flaming.
* * * LOW HITPOINT WARNING * * *
Duvessa burns you.
* * * LOW HITPOINT WARNING * * *
Duvessa hits you with a +2 short sword of flaming.
You die...

*,,* #............. **,**
#............. ***** *,,*
##........#.#.. *,,,**
#*,,* #..######....##
****,** #.,** #.## #..#.#
**,*##..##* ##.# ##.#.##
**,....<.#####..######...##
*,**#....#...............#
*,* #(....e@...#...#######
*,* ##..).....##..## ###
**,* #.........#...### #.#
*,** ##..............####.#
****,**
*#....###....##.....###
*,,,,,***#>..###
##...##.####...
****,,,,....#* ##..#.#.#
#### **,**,....,** #..##.##
# *,***,,,,,,,** #..#### #


You could see Duvessa (berserk).

Vanquished Creatures
  Grinder (D:3)
  Sigmund (D:4)
  A hungry ghost (D:5)
  A phantom (D:5)
  Dowan (D:5)
  A howler monkey (D:6)
  A hound (D:5)
  3 iguanas
  A worker ant (D:4)
  5 adders
  An adder zombie (D:5)
  3 worms
  2 dart slugs
  4 leopard geckos
  8 orcs
  6 giant cockroaches
  9 goblins
  6 hobgoblins
  4 jackals (D:3)
  4 ball pythons
  8 bats
  3 frilled lizards (D:2)
  2 kobolds
  2 leopard gecko skeletons
  A leopard gecko zombie (D:6)
  2 quokka skeletons
  8 rats
89 creatures vanquished.

Notes
Turn   | Place    | Note
-------+----------+-------------------------------------------
     0 | D:1      | Frank2 the Demigod Gladiator began the quest for the Orb.
     0 | D:1      | Reached XP level 1. HP: 17/17 MP: 3/3
    76 | D:1      | Reached skill level 3 in Axes
    85 | D:1      | Reached XP level 2. HP: 23/24 MP: 4/4
   584 | D:2      | Reached skill level 1 in Armour
   651 | D:2      | Reached XP level 3. HP: 25/29 MP: 5/5
   919 | D:2      | Found a glowing golden altar of the Shining One.
  1193 | D:3      | Reached XP level 4. HP: 31/36 MP: 6/6
  1238 | D:3      | You fall through a shaft!
  1270 | D:4      | Noticed Sigmund
  1343 | D:3      | Noticed Grinder
  1351 | D:3      | Paralysed by Grinder for 5 turns
  1361 | D:3      | Killed Grinder
  1361 | D:3      | Reached skill level 4 in Axes
  1361 | D:3      | Reached XP level 5. HP: 24/42 MP: 7/7
  1583 | D:3      | You fall through a shaft for 3 floors!
  1619 | D:6      | Reached XP level 6. HP: 37/50 MP: 8/8
  1779 | D:5      | Entered Level 5 of the Dungeon
  1808 | D:5      | Reached skill level 5 in Axes
  2253 | D:3      | Found an ornate altar of the Wu Jian Council.
  2454 | D:4      | Killed Sigmund
  2454 | D:4      | Reached XP level 7. HP: 7/56 MP: 9/9
  2839 | D:4      | Found a sparkling altar of Nemelex Xobeh.
  2840 | D:4      | Found an opulent altar of Gozag.
  3272 | D:5      | Noticed a hungry ghost
  3334 | D:5      | Killed a hungry ghost
  3600 | D:5      | Found a glowing golden altar of the Shining One.
  4036 | D:5      | Noticed Duvessa
  4036 | D:5      | Noticed Dowan
  4049 | D:5      | Killed Dowan
  4049 | D:5      | Reached skill level 6 in Axes
  4052 | D:5      | HP: 1/57 [Duvessa/+2 short sword of flaming (2)]
  4057 | D:5      | Slain by Duvessa

Skill      XL: |  1  2  3  4  5  6  7 |
---------------+----------------------+-----
Axes           | 3 4 5 6 |  6.0
Dodging        | 3 4 |  4.0
Armour         | 1 2 3 4 |  4.5
Fighting       | 2 3 |  3.1
Throwing       | |  1.7

Action                   |  1- 3 |  4- 6 |  7- 9 || total
-------------------------+-------+-------+-------++-------
Melee: War axe           |   132 |   113 |   107 ||   352
Throw: Throwing net      |       |       |     3 ||     3
  Use: Scroll            |    11 |     5 |     1 ||    17
       Potion            |       |     4 |     1 ||     5
 Stab: Sleeping          |     1 |     2 |     1 ||     4
  Eat: Chunk             |     1 |     4 |     3 ||     8
       Ration            |       |       |     6 ||     6
Armor: Leather armour    |    43 |    15 |       ||    58
       Ring mail         |       |    13 |    45 ||    58
Dodge: Dodged            |   105 |   103 |    59 ||   267
